 Dungeon Crawl Stone Soup version 0.26-a0-812-g31a745ddcd (webtiles) character file.

Game seed: 12845965571037414544

3658 graki42 the Destroyer (level 9, -1/45 HPs)
             Began as a Deep Elf Conjurer on Nov 17, 2020.
             Killed by divine providence
             ... invoked by an orc priest
              (9 damage)
             ... on level 7 of the Dungeon.
             The game lasted 00:23:07 (7427 turns).

graki42 the Destroyer (Deep Elf Conjurer)           Turns: 7427, Time: 00:23:08

Health: -1/45      AC:  7    Str:  7    XL:     9   Next: 88%
Magic:  9/24       EV: 13    Int: 24    God:
Gold:   411        SH:  0    Dex: 13    Spells: 15/26 levels left

rFire    + . .     SeeInvis +   p - +2 dagger (venom)
rCold    . . .     Faith    .   (no shield)
rNeg     . . .     Spirit   .   a - +0 robe
rPois    .         Reflect  .   d - +0 helmet
rElec    .         Harm     .   B - +0 cloak
rCorr    .         Rampage  .   y - +2 pair of gloves
MR       .....                  (no boots)
Stlth    ++........             k - amulet of regeneration
HPRegen  0.55/turn              e - ring of see invisible
MPRegen  0.19/turn              i - ring of protection from fire

@: no status effects
A: no striking features
a: no special abilities


You were on level 7 of the Dungeon.
You visited 2 branches of the dungeon, and saw 8 of its levels.

You collected 411 gold pieces.

Inventory:

Hand Weapons
 p - a +2 dagger of venom (weapon)
Armour
 a - a +0 robe (worn)
 d - a +0 helmet (worn)
 y - a +2 pair of gloves (worn)
 z - a +0 troll leather armour {Purgy}
 B - a +0 cloak (worn)
 D - a +2 leather armour of poison resistance
Jewellery
 e - a ring of see invisible (left hand)
 i - a ring of protection from fire (right hand)
 k - an amulet of regeneration (around neck)
 t - an uncursed ring of positive energy
 A - an uncursed amulet of reflection {unknown}
 J - an uncursed ring of positive energy
Wands
 g - a wand of digging (7)
 C - a wand of polymorph (17)
 H - a wand of random effects (16)
Scrolls
 b - 2 scrolls of random uselessness {unknown}
 h - 5 scrolls of amnesia {unknown}
 l - 3 scrolls of remove curse {unknown}
 m - 7 scrolls of identify {unknown}
 o - a scroll of enchant weapon {unknown}
 q - 2 scrolls of enchant armour {unknown}
 u - a scroll of blinking {unknown}
 v - 3 scrolls of teleportation {unknown}
 w - 2 scrolls of immolation
 x - 2 scrolls of magic mapping {unknown}
 F - a scroll of fog {unknown}
 I - a scroll of fear {unknown}
Potions
 c - a potion of resistance {unknown}
 f - a potion of cancellation {unknown}
 j - 2 potions of mutation {unknown}
 n - a potion of lignification {unknown}
 r - 2 potions of heal wounds {unknown}
 s - 2 potions of haste {unknown}
 E - a potion of ambrosia {unknown}
 G - a potion of flight {unknown}
 K - a potion of brilliance {unknown}


   Skills:
 - Level 3.0 Dodging
 - Level 3.0 Stealth
 + Level 9.2 Spellcasting
 * Level 10.8 Conjurations
 + Level 8.0 Hexes
 - Level 6.0 Translocations


You had 15 spell levels left.
You knew the following spells:

 Your Spells              Type           Power        Failure   Level
a - Magic Dart            Conj           ####         1%          1
b - Searing Ray           Conj           ######       1%          2
c - Fulminant Prism       Conj/Hex       ######....   1%          4
d - Iskenderun's Mystic   Conj/Tloc      ######..     1%          4

Your spell library contained the following spells:

 Spells                   Type           Power        Failure   Level
 Dazzling Flash           Conj/Hex       ######       1%          3


Dungeon Overview and Level Annotations

Branches:
Dungeon (7/15)             Temple (1/1) D:5

Altars:
Ashenzari
Cheibriados
Dithmenos
Elyvilon
Gozag
Makhleb
Nemelex Xobeh
Qazlal
Ru
Uskayaw
Wu Jian
Yredelemnul
Zin
The Shining One

Annotations:
D:6 1 runed translucent door, Asparus's ghost, novice OpVM


Message History

Press: ? - help, Shift-Dir - straight line, f - orc warrior
Aim: an orc warrior, wielding a +0 halberd and wearing a cursed +0 plate armour (moderately wounded)
The searing ray hits the orc warrior!
The orc warrior is severely wounded. (Press . to maintain the ray.)
The orc warrior hits you from afar with a +0 halberd.
An orc priest comes into view. It is wielding a +0 flail.
The searing ray hits the orc warrior.
The orc warrior is almost dead.
The orc warrior hits you from afar with a +0 halberd!
The searing ray hits the orc warrior but does no damage.
The orc warrior is almost dead.
The orc priest calls upon Beogh to heal the orc warrior.
The orc warrior is healed somewhat.
The orc warrior hits you from afar with a +0 halberd!
* * * LOW HITPOINT WARNING * * *
Unknown command.
The orc priest invokes the aid of Beogh against you.
Beogh smites you!
You die...

.... ... #............### ##
....#####.###.†...........##
#...##...#........)....)........
....##.....###....##..).........
>.#.#..#...# ##..###.....)..)...
##..........# #..)#####†.........
............####..#.##(o.........
...............÷..)o†..(.)......#
.....##...####(.@##>.....)))....#
)....##..## ##†########..)......
#..#####.# #..# ###)).....
#....##..# ###..## #####÷)....
###..##.)## #.....## #.##.).....
##)###..###......# ##..)†.#...#
#..#....##......###....###....
#..)............#.......###...
#....)..#...............# ####


You could see an orc warrior and an orc priest.

Vanquished Creatures
  A hornet (D:6)
  Grinder (D:6)
  Sigmund (D:5)
  Eustachio (D:5)
  Menkaure (D:5)
  Edmund (D:6)
  Duvessa (D:5)
  3 black bears
  Purgy (D:4)
  An orc warrior (D:6)
  2 sky beasts
  A necrophage (D:7)
  5 ogres
  3 big kobolds (D:7)
  3 bullfrogs
  Dowan (D:5)
  3 howler monkeys
  A bullfrog zombie (D:5)
  2 jellies (D:5)
  4 hounds
  Crazy Yiuf (D:4)
  3 orc priests (D:4)
  3 orc wizards
  2 iguanas
  5 worker ants
  2 hound skeletons
  Robin (D:2)
  2 howler monkey skeletons (D:4)
  15 adders
  A white imp (D:7)
  3 ufetubi
  An adder skeleton (D:4)
  2 adder zombies (D:7)
  2 worms (D:2)
  A dart slug (D:4)
  3 leopard geckos
  25 orcs
  2 giant cockroaches
  12 goblins
  7 hobgoblins
  5 jackals
  2 quokkas
  2 ball pythons (D:3)
  A ball python skeleton (D:4)
  A ball python zombie (D:5)
  6 bats
  4 frilled lizards
  16 kobolds
  A quokka skeleton (D:4)
  6 rats
  A fulminant prism (D:7)
175 creatures vanquished.

Vanquished Creatures (others)
  5 fulminant prisms
  3 plants (D:7)
8 creatures vanquished.

Grand Total: 183 creatures vanquished

Notes
Turn   | Place    | Note
-------+----------+-------------------------------------------
     0 | D:1      | graki42 the Deep Elf Conjurer began the quest for the Orb.
     0 | D:1      | Reached XP level 1. HP: 10/10 MP: 6/6
   155 | D:1      | Reached XP level 2. HP: 15/15 MP: 6/8
   181 | D:1      | Learned a level 2 spell: Searing Ray
   948 | D:2      | Noticed Robin
   951 | D:2      | Killed Robin
   951 | D:2      | Reached XP level 3. HP: 19/19 MP: 5/10
  1153 | D:2      | Found a burning altar of Makhleb.
  1209 | D:2      | Found an opulent altar of Gozag.
  1523 | D:2      | Reached skill level 5 in Conjurations
  1528 | D:2      | Reached XP level 4. HP: 24/24 MP: 4/12
  1534 | D:2      | Learned a level 4 spell: Fulminant Prism
  1539 | D:2      | Learned a level 4 spell: Iskenderun's Mystic Blast
  1916 | D:2      | Reached skill level 1 in Hexes
  2223 | D:3      | Reached skill level 1 in Translocations
  2223 | D:3      | Reached XP level 5. HP: 28/28 MP: 8/13
  3080 | D:4      | You fall into a shaft and drop 2 floors!
  3089 | D:6      | Reached skill level 5 in Spellcasting
  3116 | D:5      | Entered Level 5 of the Dungeon
  3116 | D:5      | Noticed Sigmund
  3122 | D:5      | Reached skill level 6 in Conjurations
  3122 | D:5      | Killed Sigmund
  3122 | D:5      | Reached XP level 6. HP: 32/32 MP: 8/16
  3284 | D:5      | Reached XP level 7. HP: 36/36 MP: 13/17
  3439 | D:4      | Reached skill level 7 in Conjurations
  4025 | D:4      | Noticed Purgy
  4031 | D:4      | Killed Purgy
  4031 | D:4      | Reached XP level 8. HP: 41/41 MP: 13/19
  4342 | D:4      | Found a runed translucent door.
  4343 | D:4      | Noticed Crazy Yiuf
  4462 | D:4      | Killed Crazy Yiuf
  4565 | D:5      | Reached skill level 8 in Conjurations
  4691 | D:5      | Noticed Eustachio
  4696 | D:5      | Killed Eustachio
  4696 | D:5      | Reached skill level 5 in Hexes
  4724 | D:5      | Found a staircase to the Ecumenical Temple.
  4733 | Temple   | Entered the Ecumenical Temple
  5073 | D:5      | Noticed Duvessa
  5076 | D:5      | Noticed Dowan
  5080 | D:5      | Killed Duvessa
  5080 | D:5      | Killed Dowan
  5247 | D:5      | Noticed Menkaure
  5251 | D:5      | Killed Menkaure
  5251 | D:5      | Reached skill level 9 in Conjurations
  5281 | D:5      | Reached skill level 5 in Translocations
  5503 | D:6      | Noticed a hornet
  5509 | D:6      | Killed a hornet
  5509 | D:6      | Reached XP level 9. HP: 37/45 MP: 12/22
  5581 | D:6      | Noticed Grinder
  5586 | D:6      | Paralysed by Grinder for 4 turns
  5592 | D:6      | Killed Grinder
  5703 | D:6      | Noticed Edmund
  5710 | D:6      | Killed Edmund
  5985 | D:6      | Found a runed translucent door.
  5985 | D:6      | Noticed Asparus's ghost (novice OpVM)
  6287 | D:6      | Found a basalt altar of Yredelemnul.
  6860 | D:7      | Reached skill level 10 in Conjurations
  7427 | D:7      | Killed from afar by an orc priest

Illustrated notes

Levels and vault maps discovered:
D:1:      mushboom_english_gardens, layout_loops_corners
D:2:      layout_basic, nicolae_gozag_cash_rules_everything_around_me,
          nicolae_overflow_hidden_temple, kennysheep_donut, uniq_robin
D:3:      layout_loops_ring, saegor_snake_ambush
D:4:      layout_rooms, nicolae_underground_beach, uniq_purgy,
          uniq_crazy_yiuf_cottage
D:5:      layout_cave_pools, minmay_temple_entry_tees, fountainhead,
          uniq_duvessa, uniq_eustachio, uniq_sigmund, uniq_menkaure
D:6:      layout_basic, yredelemnul_altar_generic, ebering_ghost_inner_flame,
          supply_closet_lemuel, uniq_edmund, uniq_grinder
D:7:      layout_cave_pools, fedhas_ov_isle_minmay, basic_altar
Temple:   grunt_temple_mini_profane

Skill      XL: |  1  2  3  4  5  6  7  8  9 |
---------------+----------------------------+-----
Dodging        | 3 |  3.0
Stealth        | 3 |  3.0
Spellcasting   | 4 5 6 7 9 |  9.2
Conjurations   | 5 6 7 9 10 | 10.8
Hexes          | 1 2 3 4 6 8 |  8.0
Translocations | 1 2 3 5 6 |  6.0

Action                   |  1- 3 |  4- 6 |  7- 9 || total
-------------------------+-------+-------+-------++-------
Melee: Dagger            |       |       |     5 ||     5
 Cast: Magic Dart        |    28 |    40 |    56 ||   124
       Searing Ray       |    11 |    15 |    62 ||    88
       Iskenderun's Myst |       |     1 |     6 ||     7
       Fulminant Prism   |       |       |     6 ||     6
Armor: Robe              |     3 |     3 |     6 ||    12
Dodge: Dodged            |    18 |    15 |    22 ||    55

Table legend: (Time is in decaauts)
 A = Elapsed time spent in this place.
 B = Non-inter-level travel time spent in this place.
 C = Inter-level travel time spent in this place.
 D = Time resting spent in this place.
 E = Time spent auto-exploring this place.
 F = Levels seen in this place.
 G = Mean time per level.
                   A        B        C        D        E       F      G
               +--------+--------+--------+--------+--------+-----+--------+
         Total |   7457 |   7159 |    298 |    929 |   5390 |   8 |  932.1 |
       Dungeon |   7269 |   6993 |    276 |    929 |   5225 |   7 | 1038.4 |
        Temple |    187 |    165 |     22 |      0 |    165 |   1 |  187.0 |
               +--------+--------+--------+--------+--------+-----+--------+

Top non-repeatable levels by time:
     D:6: 1496 daAuts
     D:4: 1191 daAuts
     D:2: 1081 daAuts
     D:1: 1043 daAuts
     D:3: 971 daAuts
     D:5: 877 daAuts
     D:7: 607 daAuts
  Temple: 187 daAuts
